 Dungeon Crawl Stone Soup version 0.13-a0-3016-gcb2faac (webtiles) character file.

565 PolkaDot the Stinger (level 6, -1/41 HPs)
             Began as a Vampire Venom Mage on Sept 12, 2013.
             Slain by a hound (4 damage)
             ... on Level 5 of the Dungeon.
             The game lasted 00:29:51 (6225 turns).

PolkaDot the Stinger (Vampire Venom Mage)           Turns: 6225, Time: 00:29:51

HP  -1/41        AC  3     Str 10      XL: 6   Next: 58%
MP   3/22        EV 12     Int 19      God:
Gold 154         SH  0     Dex 14      Spells:  4 memorised,  1 level left

Res.Fire  : . . .   See Invis. : +   p - +1,+0 dagger (venom)
Res.Cold  : + + .   Warding    : .   a - +0 robe
Life Prot.: + + +   Conserve   : .   (no shield)
Res.Poison: +       Res.Corr.  : .   (no helmet)
Res.Elec. : .       Clarity    : .   r - +0 cloak
Sust.Abil.: . .     Spirit.Shd : .   (no gloves)
Res.Mut.  : .       Stasis     : .   (no boots)
Res.Rott. : +       Flight     : .   j - amulet of faith {unknown}
Saprovore : . . .                    w - +3 ring of strength
                                     g - ring of magical power

@: non-regenerating, very slightly contaminated, slightly resistant to hostile
enchantments, quite stealthy
A: bottle blood, fangs 3, see invisible, unbreathing
a: Bat Form, Bottle Blood


You were on level 5 of the Dungeon.
You were bloodless.

You visited 1 branch of the dungeon, and saw 5 of its levels.

You collected 173 gold pieces.
You spent 39 gold pieces at shops.

Inventory:

Hand weapons
 f - a -2,+0 dagger (quivered)
 p - a +1,+0 dagger of venom (weapon)
Armour
 a - a +0 robe (worn)
 r - a +0 cloak (worn)
Magical devices
 v - a wand of confusion (17)
Scrolls
 e - a scroll of curse armour {unknown}
 m - a scroll of remove curse
 q - a scroll of teleportation
Jewellery
 g - a ring of magical power (left hand)
 h - an uncursed ring of hunger
 j - an amulet of faith (around neck) {unknown}
 t - an uncursed ring of positive energy {unknown}
 w - a +3 ring of strength (right hand)
Potions
 c - 2 potions of curing
 d - a potion of invisibility
 i - a potion of heal wounds
Books
 b - a Young Poisoner's Handbook

   Spells                             Type                      Level
   *Sting                             Conjuration/Poison           1
   *Cure Poison                       Poison                       2
   *Mephitic Cloud                    Conjuration/Poison/Air       3
   *Olgreb's Toxic Radiance           Poison                       4
   Venom Bolt                         Conjuration/Poison           5


   Skills:
 - Level 2.1 Dodging
 + Level 3.8 Stealth
 - Level 3.1 Spellcasting
 * Level 1.6 Air Magic
 * Level 6.1 Poison Magic


You had one spell level left.
You knew the following spells:

 Your Spells              Type           Power        Failure   Level  Hunger
a - Sting                 Conj/Pois      ##..         6%          1    None
d - Mephitic Cloud        Conj/Pois/Air  ##......     17%         3    ###....
q - Cure Poison           Pois           ####......   1%          2    ##.....
s - Olgreb's Toxic Radia  Pois           ####....     14%         4    ####...


Dungeon Overview and Level Annotations

Branches:
Dungeon (5/27)
 Temple: D:4-7

Altars:

Shops:
D:5 !*(


Innate Abilities, Weirdness & Mutations

You do not heal naturally.
You can bottle blood from corpses.
You have razor-sharp teeth.*
You have supernaturally acute eyesight.
You can survive without breathing.*


Message History

* * * LOW HITPOINT WARNING * * *
Casting: Sting
Confirm with . or Enter, or press ? or * to list all spells.
Aiming: Sting
Press: ? - help, Shift-Dir - straight line, f/p - hound
Aim: a hound (moderately wounded, poisoned)
You miscast Sting.
You are very lightly contaminated with residual magic.
You feel a strange surge of energy! The hound closely misses you.
The hound bites you.
* * * LOW HITPOINT WARNING * * *
Casting: Sting
Confirm with . or Enter, or press ? or * to list all spells.
Aiming: Sting
Press: ? - help, Shift-Dir - straight line, f/p - hound
Aim: a hound (moderately wounded, poisoned)
The sting hits the hound.
The hound looks even sicker.
The hound is severely wounded.
The hound bites you.
You die...

*###### *****.....#*###*#*****
,,, ,..#.#*..,...,,,* *,
**#.#.#*.#.#.#.*,*
*,*,,,#.#.##.#.....,, *,+,
,+........#?#.*,* **** *,*,
,#.............,**** ,,,*
#h#####.#.h@)..#.#.#,,,,* **,
*#.%.....#.###.......,**,**** *
#...J.........#,##...,,,*,,,,,
*,#....###.##.#.#*****#*,,******
*,...#,*#...#.#># *,,* ##.>.,*
,#####.#,.* *,,*
..J.###**#.....#*.#******,,******
#.....#,,#.#####?..,,,,,*,,*,,,,,
***...*,*#.#....... ,,,,*,, ,,,,,


You could see a hound.

Vanquished Creatures
  A phantom (D:5)
  A hound (D:4)
  A scorpion (D:4)
  An orc wizard (D:4)
  Jessica (D:3)
  7 adders
  4 gnolls (D:3)
  An inept item mimic (D:2)
  6 giant geckos
  An ooze (D:2)
  11 orcs
  2 ball pythons
  9 bats
  3 giant cockroaches
  9 goblins
  11 hobgoblins
  4 jackals
  3 giant newts
  A gnoll skeleton (D:4)
  2 hobgoblin skeletons (D:4)
  9 kobolds
  An orc skeleton (D:4)
  An orc zombie (D:5)
  A quokka (D:4)
  11 rats
102 creatures vanquished.

Notes
Turn   | Place    | Note
--------------------------------------------------------------
     0 | D:1      | PolkaDot, the Vampire Venom Mage, began the quest for the Orb.
     0 | D:1      | Reached XP level 1. HP: 13/13 MP: 4/4
   448 | D:1      | Reached skill level 4 in Poison Magic
   448 | D:1      | Reached XP level 2. HP: 13/19 MP: 3/5
   589 | D:1      | Learned a level 2 spell: Cure Poison
  1104 | D:1      | Reached XP level 3. HP: 24/24 MP: 7/7
  2391 | D:2      | Reached XP level 4. HP: 28/30 MP: 9/9
  2565 | D:3      | Learned a level 4 spell: Olgreb's Toxic Radiance
  3229 | D:3      | Noticed Jessica
  3234 | D:3      | Killed Jessica
  3234 | D:3      | Reached skill level 5 in Poison Magic
  3673 | D:3      | Reached XP level 5. HP: 35/35 MP: 11/11
  5623 | D:4      | Reached XP level 6. HP: 41/41 MP: 13/13
  5661 | D:4      | Learned a level 3 spell: Mephitic Cloud
  5734 | D:5      | Entered Level 5 of the Dungeon
  5734 | D:5      | Found Qigh's Antique Weapon Emporium.
  5744 | D:5      | Found Khoics' Assorted Antiques.
  5914 | D:5      | Found Plog's Distillery.
  5922 | D:5      | Bought a potion of degeneration for 26 gold pieces
  5922 | D:5      | Bought a potion of paralysis for 13 gold pieces
  6111 | D:5      | Reached skill level 1 in Air Magic
  6111 | D:5      | Reached skill level 6 in Poison Magic
  6225 | D:5      | Slain by a hound

Action                   |  1- 3 |  4- 6 || total
-------------------------+-------+-------++-------
Melee: Unarmed           |    24 |       ||    24
       Dagger            |    62 |    68 ||   130
 Cast: Sting             |    79 |    71 ||   150
       Olgreb's Toxic Ra |       |    38 ||    38
       Cure Poison       |       |     3 ||     3
       Mephitic Cloud    |       |     2 ||     2
Evoke: Wand              |       |     2 ||     2
  Use: Scroll            |       |    12 ||    12
       Potion            |       |     2 ||     2
 Stab: Sleeping          |     2 |     3 ||     5
       Invisible         |       |     5 ||     5
